 Dungeon Crawl Stone Soup version 0.28-a0-1152-g9c71ebef14 (webtiles) character file.

Game seed: 17194069039683516553

1961 leviel the Cleaver (level 9, -10/75 HPs)
             Began as a Hill Orc Fighter on Dec 15, 2021.
             Was a Follower of Okawaru.
             Mangled by a large abomination (33 damage)
             ... on level 1 of the Abyss.
             The game lasted 00:08:28 (8065 turns).

leviel the Cleaver (Hill Orc Fighter)               Turns: 8065, Time: 00:08:29

Health: -10/75     AC: 12    Str: 23    XL:     9   Next: 19%
Magic:  10/10      EV:  7    Int: 14    God:    Okawaru [*.....]
Gold:   278        SH:  4    Dex: 10    Spells: 8/8 levels left

rFire   + . .      SeeInvis .   a - +0 war axe
rCold   . . .      Faith    .   c - +0 buckler
rNeg    . . .      Spirit   .   w - +0 plate armour
rPois   .          Reflect  .   (no helmet)
rElec   .          Harm     .   (no cloak)
rCorr   .          Rampage  .   (no gloves)
Will    .....                   (no boots)
Stlth   ..........              (no amulet)
HPRegen 0.22/turn               o - ring of protection from fire
MPRegen 0.12/turn               p - +6 ring of intelligence

@: no status effects
A: no striking features
a: Renounce Religion, Heroism


You were on level 1 of the Abyss.
You worshipped Okawaru.
Okawaru was aware of your devotion.
You visited 2 branches of the dungeon, and saw 8 of its levels.
You visited the Abyss 1 time.
You also visited: Sewer.

You collected 278 gold pieces.

Inventory:

Hand Weapons
 a - a +0 war axe (weapon)
Missiles
 v - a throwing net (quivered)
Armour
 c - a +0 buckler (worn)
 w - a +0 plate armour (worn)
Jewellery
 o - a ring of protection from fire (left hand)
 p - a +6 ring of intelligence (right hand)
Wands
 d - a wand of mindburst (9)
 h - a wand of iceblast (8)
Scrolls
 f - 3 scrolls of enchant armour {unknown}
 i - a scroll of fog
 k - a scroll of torment {unknown}
 l - 2 scrolls of identify {unknown}
 m - a scroll of blinking {unknown}
 n - a scroll of magic mapping
 q - 3 scrolls of teleportation
 r - 3 scrolls of silence {unknown}
 s - a scroll of immolation {unknown}
Potions
 e - 6 potions of flight
 g - a potion of haste {unknown}
 j - a potion of lignification {unknown}
 t - a potion of brilliance {unknown}


   Skills:
 + Level 5.9 Fighting
 * Level 12.2 Axes
 + Level 5.3 Armour
 + Level 3.0 Dodging
 - Level 4.0 Shields
 + Level 1.6 Invocations


You had 8 spell levels left.
You didn't know any spells.
Your spell library contained the following spells:

 Spells                   Type           Power      Damage    Failure   Level
 Sandblast                Erth           0%         2d4       99%         1
 Passwall                 Tmut/Erth      0%         N/A       100%        2
 Stone Arrow              Conj/Erth      0%         3d7       100%        3


Dungeon Overview and Level Annotations

Branches:
Dungeon (7/15)             Temple (1/1) D:4           Sewer (visited)

Altars:
Cheibriados
Dithmenos
Elyvilon
Fedhas
Gozag
Hepliaklqana
Kikubaaqudgha
Makhleb
Nemelex Xobeh
Okawaru
Qazlal
Ru
Sif Muna
Trog
Uskayaw
Vehumet
Wu Jian
Xom
Yredelemnul
Zin
The Shining One

Annotations:
D:3 1 runed translucent door, Crazy Yiuf
D:7 Maggie


Message History

The thrashing horror roars!
The thrashing horror tramples you but does no damage. x2
The thrashing horror tramples you.
* * * LOW HITPOINT WARNING * * *
You hold your ground!
The thrashing horror tramples you but does no damage.
A small abomination comes into view.
The thrashing horror tramples you!
* * * LOW HITPOINT WARNING * * *
You hold your ground!
The thrashing horror tramples you.
* * * LOW HITPOINT WARNING * * *
You stumble backwards!
The thrashing horror tramples you but does no damage.
The thrashing horror tramples you.
* * * LOW HITPOINT WARNING * * *
You hold your ground!
You feel yourself slow down.
You are suddenly pulled into a different region of the Abyss!
Found a corrupted altar of Lugonu.
Okay, then.
There is a corrupted altar of Lugonu here.
You kneel at the altar of Lugonu.
You start resting.
You feel yourself speed up.
You start resting.
You start resting.
A large abomination comes into view.
You feel better.
Okay, then.
The large abomination hits you.
* * * LOW HITPOINT WARNING * * *
You hit the large abomination.
The large abomination is lightly damaged.
The large abomination closely misses you.
You hit the large abomination but do no damage.
The large abomination is lightly damaged.
You slash the large abomination!
The large abomination is moderately damaged.
The large abomination hits you!!
You die...

# . #. . .#
#############. #
#..@X......_... #
#.#.....#.. .#..
####...###...##
#.....#... .#
#......... ....
................#
##.# ...####
...#.. ## ######
#.#. ..


You could see a large abomination.

Vanquished Creatures
  Grinder (D:3)
  Sigmund (D:3)
  Edmund (D:6)
  An ice beast (D:5)
  A sky beast (D:5)
  A necrophage (D:4)
  3 ogres
  A phantom (D:6)
  A bullfrog (D:6)
  A wyvern zombie (D:6)
  A water moccasin skeleton (D:4)
  3 hounds
  3 jellies
  3 orc priests (D:3)
  2 bullfrog zombies (D:6)
  An iguana (D:5)
  2 scorpion zombies
  Terence (D:3)
  An orc wizard (D:3)
  Natasha (D:2)
  A merfolk avatar (Sewer)
  A merfolk siren (Sewer)
  A howler monkey skeleton (D:6)
  9 adders
  4 river rats (Sewer)
  A worm (D:3)
  A dart slug (D:4)
  12 orcs
  4 endoplasms
  5 giant cockroaches
  5 goblins
  5 hobgoblins
  2 kobolds
  2 quokkas
  9 ball pythons
  3 bats
  4 frilled lizards (Sewer)
  18 rats
117 creatures vanquished.

Vanquished Creatures (others)
  A lurking horror (Abyss:1)
1 creature vanquished.

Grand Total: 118 creatures vanquished

Notes
Turn   | Place    | Note
-------+----------+-------------------------------------------
     0 | D:1      | leviel the Hill Orc Fighter began the quest for the Orb.
     0 | D:1      | Reached XP level 1. HP: 19/19 MP: 1/1
    90 | D:1      | Reached skill level 3 in Axes
   432 | D:1      | Reached XP level 2. HP: 27/27 MP: 2/2
   487 | D:1      | Found a faded altar of an unknown god.
  1043 | D:2      | Reached skill level 4 in Axes
  1072 | D:2      | Noticed Natasha
  1080 | D:2      | Killed Natasha
  1081 | D:2      | Reached skill level 5 in Axes
  1081 | D:2      | Reached XP level 3. HP: 8/33 MP: 3/3
  1429 | D:2      | You fall into a shaft and drop 1 floor!
  1456 | D:3      | Reached XP level 4. HP: 19/40 MP: 4/4
  1669 | D:3      | Reached skill level 6 in Axes
  1676 | D:3      | Reached XP level 5. HP: 45/46 MP: 5/5
  1916 | D:3      | Noticed Grinder
  1917 | D:3      | Paralysed by Grinder for 4 turns
  1923 | D:3      | Paralysed by Grinder for 4 turns
  1930 | D:3      | Killed Grinder
  1931 | D:3      | Reached skill level 8 in Axes
  1931 | D:3      | Reached XP level 6. HP: 26/52 MP: 6/6
  2254 | D:3      | Found a runed translucent door.
  2255 | D:3      | Noticed Crazy Yiuf
  2316 | D:3      | Noticed Sigmund
  2329 | D:3      | Killed Sigmund
  2330 | D:3      | Reached skill level 9 in Axes
  2330 | D:3      | Reached XP level 7. HP: 29/58 MP: 7/7
  2761 | D:3      | Noticed Terence
  2773 | D:3      | Killed Terence
  2774 | D:3      | Reached skill level 10 in Axes
  3684 | D:4      | Reached skill level 1 in Dodging
  3778 | D:4      | Found a staircase to the Ecumenical Temple.
  3799 | Temple   | Entered the Ecumenical Temple
  4171 | Temple   | Became a worshipper of Warmaster Okawaru
  4672 | D:5      | Entered Level 5 of the Dungeon
  4752 | D:5      | Reached XP level 8. HP: 28/67 MP: 8/8
  5482 | D:5      | Reached skill level 11 in Axes
  5561 | D:5      | Reached * piety under Okawaru
  5562 | D:5      | Reached skill level 5 in Fighting
  5918 | D:6      | Found a glowing drain.
  5926 | Sewer    | Entered a sewer
  6569 | D:6      | HP: 2/69 [bullfrog zombie (3)]
  6579 | D:6      | Reached skill level 5 in Armour
  6894 | D:6      | Reached XP level 9. HP: 50/75 MP: 9/9
  7059 | D:6      | Noticed Edmund
  7075 | D:6      | Killed Edmund
  7076 | D:6      | Reached skill level 12 in Axes
  7076 | D:6      | Reached skill level 1 in Invocations
  7898 | D:7      | Noticed Maggie
  7910 | D:7      | Cast into level 1 of the Abyss (Maggie)
  7953 | Abyss:1  | Noticed a tentacled starspawn
  7977 | Abyss:1  | Noticed a thrashing horror
  7977 | Abyss:1  | Noticed a lich
  7992 | Abyss:1  | HP: 2/75 [thrashing horror (3)]
  7996 | Abyss:1  | Found a corrupted altar of Lugonu.
  8065 | Abyss:1  | Mangled by a large abomination

Illustrated notes

Levels and vault maps discovered:
D:1:      amcnicky_arrival_single_pillar, layout_loops_corners,
          dreamdust_ecumenical_altar_angels_and_demons
D:2:      layout_loops_ring, chequers_hall_statues_y,
          chequers_serial_rivers_room_a, uniq_natasha
D:3:      layout_loops_corners, uniq_grinder, uniq_crazy_yiuf_cottage,
          uniq_sigmund, uniq_terence
D:4:      layout_layer_cave, minmay_temple_entry_glass
D:5:      layout_gridville, kennysheep_cluttered_room, grunt_ministairs_5,
          kennysheep_generic_room_2
D:6:      layout_cave_pods, cheibrodos_sewer_entry_drain,
          minmay_misc_feat_pillars, uniq_edmund
D:7:      minmay_angry_zag, layout_loops_corners, uniq_maggie
Temple:   mainiacjoe_temple_trianglar_array
Abyss:1:  base: D:5, evilmike_abyss_exit_15, hangedman_summoners_spam

Skill      XL: |  1  2  3  4  5  6  7  8  9 |
---------------+----------------------------+-----
Axes           | 3 5 6 8 9 10 11 12 | 12.2
Shields        | 4 |  4.0
Fighting       | 4 5 |  5.9
Dodging        | 1 2 3 |  3.0
Armour         | 5 |  5.3
Invocations    | 1 |  1.6

Action                   |  1- 3 |  4- 6 |  7- 9 || total
-------------------------+-------+-------+-------++-------
Melee: War axe           |    46 |    43 |   326 ||   415
  Use: Scroll            |     4 |       |     1 ||     5
       Potion            |       |     2 |     4 ||     6
Armor: Scale mail        |     8 |     9 |    99 ||   116
       Plate armour      |       |       |    22 ||    22
Dodge: Dodged            |    16 |    10 |   117 ||   143
Block: Buckler           |     9 |     7 |    54 ||    70

Table legend: (Time is in decaauts)
 A = Elapsed time spent in this place.
 B = Non-inter-level travel time spent in this place.
 C = Inter-level travel time spent in this place.
 D = Time resting spent in this place.
 E = Time spent auto-exploring this place.
 F = Levels seen in this place.
 G = Mean time per level.
                   A        B        C        D        E       F      G
               +--------+--------+--------+--------+--------+-----+--------+
         Total |   8138 |   7876 |    262 |    923 |   6016 |  10 |  813.8 |
       Dungeon |   6942 |   6707 |    235 |    834 |   5207 |   7 |  991.7 |
        Temple |    391 |    364 |     27 |      0 |    363 |   1 |  391.0 |
         Abyss |    173 |    173 |      0 |     89 |      0 |   1 |  173.0 |
         Sewer |    630 |    630 |      0 |      0 |    446 |   1 |  630.0 |
               +--------+--------+--------+--------+--------+-----+--------+

Top non-repeatable levels by time:
     D:3: 1752 daAuts
     D:6: 1562 daAuts
     D:4: 1108 daAuts
     D:5: 1053 daAuts
     D:1: 1013 daAuts
   Sewer: 630 daAuts
     D:2: 437 daAuts
  Temple: 391 daAuts
 Abyss:1: 173 daAuts
     D:7: 14 daAuts
